 Dungeon Crawl Stone Soup version 0.30-a0-830-gfe289a77b0 (webtiles) character file.

Game seed: 291324234281919982

7 Nacht the Digger (level 1, -4/19 HPs)
             Began as a Demonspawn Earth Elementalist on Feb 28, 2023.
             Slain by Sigmund
             ... wielding a +2 scythe of freezing
              (9 damage)
             ... on level 2 of the Dungeon.
             The game lasted 00:01:17 (233 turns).

Nacht the Digger (Demonspawn Earth Elementalist)     Turns: 233, Time: 00:01:17

Health: -4/19      AC: 20    Str:  8    XL:     1   Next: 91%
Magic:  1/3        EV:  2    Int: 16    God:
Gold:   10         SH:  0    Dex: 13    Spells: 3/4 levels left

rFire   . . .      SeeInvis .    (no weapon)
rCold   . . .      Faith    .    (no shield)
rNeg    . . .      Spirit   .    (body armour currently unavailable)
rPois   +          Reflect  .    (helmet currently unavailable)
rElec   .          Harm     .    (cloak currently unavailable)
rCorr   .          Rampage  .    (gloves currently unavailable)
Will    .....      NoTele   +    (boots currently unavailable)
Stlth   ++                       (no amulet)
HPRegen 0.23/turn                (no ring)
MPRegen 0.08/turn                (no ring)

@: tree-form
A: stationary, stasis, torment immunity, boosted hp
a: no special abilities


You were on level 2 of the Dungeon.
You were a tree.
You visited 1 branch of the dungeon, and saw 2 of its levels.

You collected 10 gold pieces.

Inventory:

Armour
 a - a +0 robe (melded)


   Skills:
 - Level 1.7 Dodging
 - Level 1.7 Stealth
 - Level 2.0 Spellcasting
 - Level 0.8 Transmutations
 + Level 3.2 Earth Magic


You had 3 spell levels left.
You knew the following spells:

 Your Spells              Type           Power      Damage    Failure   Level
a - Sandblast             Erth           22%        2d7       5%          1

Your spell library contained the following spells:

 Spells                   Type           Power      Damage    Failure   Level
 Passwall                 Tmut/Erth      6%         N/A       14%         2
 Stone Arrow              Conj/Erth      12%        3d7       32%         3
 Petrify                  Tmut/Erth      8%         N/A       65%         4


Dungeon Overview and Level Annotations

Branches:
Dungeon (1/15)

Altars:

Annotations:
D:2 Sigmund


Message History

The blast of sand hits something but does no damage.
Something hits you but does no damage.
You aren't carrying any potions.
Unknown command.
Casting: Sandblast (safe; 5% risk of failure)
Confirm with . or Enter, or press ? or * to list all spells.
Aiming: Sandblast (safe; 5% risk of failure)
Press: ? - help, Shift-Dir - straight line The blast of sand hits something but does no damage.
Your transformation is almost over.
Something hits you but does no damage.
You aren't carrying any potions.
As you read the scroll labelled WUEKHE ZEECUAXE, it crumbles to dust.
You feel a strange sense of stasis.
It was a scroll of teleportation.
Something hits you but does no damage. Something hits you but does no damage.
You hear some strange, mumbled words.
A puff of flame appears from out of thin air!
The puff of flame hits you. Something hits you but does no damage.
Something hits you. Something freezes you.
You feel less wooden.
Your +0 robe unmelds from your body.
You hear some strange, mumbled words.
You are confused.
Something barely misses you.
You hear a zap.
You turn into a tree.
Your +0 robe melds into your body.
Your roots penetrate the ground.
The now-empty wand crumbles to dust.
You cannot move. (Use ctrl+direction or * direction to attack while stationary and confused.)
You nearly hit yourself!
Something hits you but does no damage.
You swing at nothing.
You hear some strange, mumbled words.
A puff of flame appears from out of thin air!
The puff of flame hits you.
* * * LOW HITPOINT WARNING * * *
You miss something.
You feel less confused. Something hits you!
You die...

##+## .... .# ##...##
..>. ###.# ##.....##
.... ..#..###.......##
..... ....###..†......#
.⌠.⌠. ......+.........+
.....#....###.........#
#...#)...............##
#.#......###.#.♣{..##
#...†##### #.##...##
###..#######.###'##
#..........# #.#
#)########## #.. #.#
### #..# ###.### ##.##
...## #.....###.#.##
....#
#.###.##.###.##...###


There were no monsters in sight!

Vanquished Creatures
  An endoplasm (D:1)
  2 goblins (D:2)
  A hobgoblin (D:1)
  2 frilled lizards (D:2)
  A rat (D:2)
7 creatures vanquished.

Notes
Turn   | Place    | Note
-------+----------+-------------------------------------------
     0 | D:1      | Nacht the Demonspawn Earth Elementalist began the quest for
                  | the Orb.
     0 | D:1      | Reached XP level 1. HP: 13/13 MP: 3/3
    79 | D:1      | You fall into a shaft and drop 1 floor!
   119 | D:2      | Reached skill level 3 in Earth Magic
   207 | D:2      | Noticed Sigmund
   233 | D:2      | Slain by Sigmund

Illustrated notes

Levels and vault maps discovered:
D:1:      mrwooster_arrival_statue, layout_basic
D:2:      layout_loops_corners, serial_shops, shop, grunt_ministairs_9,
          uniq_sigmund, uniq_natasha

Skill      XL: |  1 |
---------------+----+-----
Earth Magic    | 3 |  3.2
Dodging        | |  1.7
Stealth        | |  1.7
Spellcasting   | |  2.0
Transmutations | |  0.8

Action                     || total
---------------------------++-------
  Melee: Unarmed           ||    17
   Cast: Sandblast         ||    15
    Use: Scroll            ||     1
         Potion            ||     1
 Armour: Skin              ||     8
         Robe              ||     2
  Dodge: Dodged            ||    14

Table legend: (Time is in decaauts)
 A = Elapsed time spent in this place.
 B = Non-inter-level travel time spent in this place.
 C = Inter-level travel time spent in this place.
 D = Time resting spent in this place.
 E = Time spent auto-exploring this place.
 F = Levels seen in this place.
 G = Mean time per level.
                   A        B        C        D        E       F      G
               +--------+--------+--------+--------+--------+-----+--------+
         Total |    240 |    240 |      0 |      0 |    151 |   2 |  120.0 |
       Dungeon |    240 |    240 |      0 |      0 |    151 |   2 |  120.0 |
               +--------+--------+--------+--------+--------+-----+--------+

Top non-repeatable levels by time:
     D:2: 159 daAuts
     D:1: 80 daAuts
